Map: King's Cove LE

Players

DnS - Winner!

  • Race: Protoss Protoss
  • Spawn Location: 11:00

Bly

  • Race: Zerg Zerg
  • Spawn Location: 5:00

Event: 2019 WCS Spring

VOD

Have the link to the VOD?

Description

Time

  • Played on: May 17, 2019, 3:31 p.m.
  • Length: 16:35

All games in this series

Show
View Real Time Build Order
Export as new Build Order

DnS Protoss - Winner!

Build Orders: Oracle Opening, Phoenix Opening, Archon Immortal, Archon Drop 

Get SALT Encoding   

  12  0:00  Probe  
  13  0:12  Probe  
  14  0:18  Pylon  
  14  0:24  Probe  
  15  0:32  Probe  
  15  0:40  Probe, Gateway  
  16  0:48  Assimilator  
  17  0:51  Probe  
  18  1:03  Probe  
  19  1:17  Probe  
  20  1:18  Zealot  
  20  1:24  Gateway  
  20  1:25  Pylon  
  20  1:29  Probe  
  23  1:36  Cybernetics Core  
  23  1:43  Probe  
  23  1:45  Zealot  
  26  1:55  Probe  
  26  1:56  Assimilator  
  27  2:09  Pylon  
  27  2:13  Adept  
  29  2:15  Adept  
  31  2:27  Probe  
  32  2:34  Stargate  
  32  2:39  Probe  
  33  3:00  Nexus  
  33  3:03  Probe  
  34  3:06  Warp Gate  
  34  3:11  Probe  
  34  3:17  Oracle  
  34  3:19  Probe  
  36  3:32  Pylon  
  39  3:51  Probe  
  43  3:58  Phoenix  
  42  4:03  Probe, Robotics Facility  
  43  4:15  Probe  
  44  4:25  Probe x2  
  46  4:33  Probe x2  
  48  4:41  Probe  
  48  4:42  Probe  
  48  4:44  Assimilator  
  48  4:47  Assimilator  
  46  4:54  Twilight Council, Probe  
  46  4:58  Probe  
  48  5:00  Warp Prism  
  48  5:04  Stalker, Gateway  
  52  5:07  Probe, Gateway  
  52  5:13  Zealot  
  55  5:16  Pylon  
  55  5:20  Probe x2  
  57  5:23  Charge  
  57  5:24  Gateway  
  57  5:29  Gateway  
  57  5:32  Probe x2  
  59  5:37  Templar Archives  
  59  5:44  Zealot  
  59  5:45  Zealot  
  59  5:49  Pylon  
  64  5:50  Probe  
  64  6:08  Nexus  
  64  6:15  High Templar x4  
  72  6:20  Archon x2  
  72  6:24  Zealot  
  72  6:25  Zealot  
  76  6:27  Pylon  
  76  6:29  Probe x2  
  78  6:41  Pylon  
  78  6:45  Probe x2  
  80  6:51  Observer  
  81  6:57  Probe x2  
  83  7:04  Zealot x3  
  83  7:05  Zealot x2, Immortal  
  93  7:09  Probe  
  93  7:15  Probe  
  93  7:21  Probe  
  88  7:24  Probe  
  88  7:27  Probe  
  88  7:28  Sentry x2  
  88  7:29  Sentry  
  90  7:32  Immortal  
  90  7:33  Probe, Shield Battery  
  87  7:38  Probe  
  87  7:39  Zealot, High Templar x2  
  87  7:41  Probe  
  97  7:51  Archon  
  97  7:52  Probe  
  97  7:55  Probe  
  97  7:56  Probe  
  97  7:58  Assimilator  
  100  7:59  Assimilator  
  100  8:04  Probe  
  101  8:07  Probe  
  102  8:13  Immortal  
  102  8:16  Probe x2  
  102  8:19  Forge  
  108  8:22  Probe  
  109  8:30  Pylon  
  109  8:38  Gateway  
  109  8:39  Gateway  
  109  8:41  Gateway  
  109  8:42  Phoenix x2, Pylon  
  109  8:43  Pylon  
  109  8:45  Pylon  
  109  8:48  Phoenix, Probe x2  
  113  8:49  High Templar x2  
  113  8:50  Protoss Ground Weapons Level 1  
  113  8:54  Gateway  
  113  8:55  Pylon  
  117  8:57  Immortal  
  117  9:02  Pylon  
  121  9:07  Archon  
  121  9:13  Phoenix  
  121  9:15  Photon Cannon  
  121  9:16  Photon Cannon  
  123  9:18  High Templar x2  
  123  9:19  High Templar x2  
  123  9:22  Pylon, Archon x2  
  131  9:25  Observer  
  131  9:30  Zealot x2  
  135  9:38  Phoenix, Nexus  
  136  9:56  Phoenix  
  136  9:59  Zealot x6  
  148  10:00  Zealot x2  
  143  10:11  Photon Cannon  
  143  10:12  Photon Cannon  
  133  10:14  Photon Cannon x2  
  133  10:19  Stalker  
  133  10:20  Stalker x4  
  139  10:26  Phoenix  
  112  10:40  Probe x2  
  114  10:43  Phoenix  
  114  10:47  Stalker  
  110  11:01  Probe x2  
  110  11:07  Phoenix, Probe  
  110  11:08  Probe  
  110  11:10  Probe  
  114  11:12  Probe  
  114  11:13  High Templar  
  114  11:14  High Templar x3  
  114  11:15  Probe  
  124  11:18  Probe  
  124  11:19  Archon  
  124  11:20  Probe x2, Archon  
  124  11:23  Probe  
  129  11:36  Probe x3, Protoss Ground Weapons Level 2  
  129  11:37  Probe  
  133  11:48  Probe x3  
  135  11:55  High Templar x3  
  135  11:56  High Templar  
  135  11:57  Zealot x3  
  135  11:59  Archon  
  135  12:00  Archon  
  141  12:03  Phoenix  
  143  12:09  Probe x3  
  146  12:22  Warp Prism  
  142  12:34  Zealot x2, High Templar x2  
  152  12:39  Archon  
  152  12:43  Phoenix, Zealot x2  
  152  12:44  Zealot x2  
  158  12:56  High Templar x2  
  158  12:58  Pylon  
  160  12:59  Pylon  
  160  13:00  Archon  
  160  13:01  Pylon  
  160  13:10  Blink  
  140  13:22  Zealot x6  
  139  13:28  Zealot  
  139  13:29  Zealot  
  99  13:49  Zealot x8  
  111  14:12  High Templar x4  
  111  14:13  High Templar x2  
  115  14:17  Archon  
  115  14:18  Archon x2  
  115  14:21  Warp Prism  
  101  14:25  High Templar x2  
  101  14:30  Archon  
  105  14:34  Nexus  
  91  14:47  Pylon  
  91  14:49  Zealot  
  91  14:51  Sentry, High Templar x2  
  91  14:52  Zealot x2  
  103  14:55  Archon  
  103  14:57  Probe x2  
  103  15:03  Zealot x2  
  107  15:09  Probe  
  107  15:11  High Templar, Photon Cannon  
  107  15:12  High Templar  
  112  15:17  Archon  
  112  15:18  Zealot x2  
  116  15:22  Gateway  
  116  15:23  Gateway  
  115  15:33  Zealot x2  
  115  15:34  Zealot  
  116  15:37  Probe x2  
  116  15:45  Zealot x2  
  116  15:49  Probe  
  122  15:55  Zealot x2, High Templar  
  122  15:56  High Templar  
  126  16:01  Archon  
  125  16:06  High Templar  
  125  16:07  Zealot x2, High Templar  
  133  16:13  Archon  
  131  16:19  Zealot x4  
Show
View Real Time Build Order
Export as new Build Order

Bly Zerg 

Build Orders: 3 Hatch before Pool, Swarm Host 

Get SALT Encoding   

  12  0:02  Drone  
  13  0:13  Overlord  
  13  0:18  Drone  
  14  0:33  Drone x2  
  16  0:52  Hatchery  
  15  0:57  Drone  
  16  1:18  Hatchery  
  16  1:19  Drone  
  16  1:23  Drone  
  17  1:28  Drone  
  18  1:37  Extractor  
  17  1:44  Spawning Pool  
  17  1:46  Drone  
  17  1:50  Drone  
  17  1:54  Drone  
  19  2:04  Drone x2  
  21  2:17  Drone  
  22  2:27  Evolution Chamber, Hatchery  
  21  2:33  Queen x2  
  26  2:41  Overlord  
  26  2:43  Metabolic Boost  
  26  2:51  Zergling x4  
  26  2:54  Extractor  
  26  2:55  Extractor  
  26  2:56  Zergling x2  
  26  2:58  Zergling x2  
  28  3:02  Zergling x4  
  32  3:13  Drone  
  32  3:14  Drone x2  
  34  3:29  Overlord, Drone  
  34  3:30  Drone  
  36  3:36  Overlord  
  36  3:39  Queen  
  38  3:47  Zergling x2  
  38  3:48  Spore Crawler  
  38  3:49  Drone x4  
  42  3:57  Drone x3  
  42  4:01  Drone x2  
  47  4:06  Drone  
  48  4:14  Spore Crawler  
  48  4:15  Spore Crawler  
  48  4:16  Spore Crawler  
  45  4:23  Spore Crawler  
  42  4:25  Drone x3  
  42  4:28  Drone x2  
  46  4:33  Drone x3  
  46  4:35  Spore Crawler  
  47  4:46  Drone  
  47  4:47  Drone  
  50  4:53  Overlord x2  
  50  4:55  Overlord  
  50  4:56  Lair  
  50  5:08  Overlord x2  
  50  5:11  Extractor  
  50  5:13  Drone x7  
  56  5:17  Drone  
  57  5:23  Extractor  
  57  5:24  Roach Warren, Drone x4  
  56  5:32  Drone x3  
  59  5:44  Drone x3  
  59  5:48  Drone x3  
  59  5:49  Extractor, Drone  
  65  5:50  Extractor  
  65  5:57  Queen  
  64  5:58  Queen  
  68  6:05  Roach x9  
  68  6:09  Extractor  
  85  6:18  Glial Reconstitution, Overlord  
  85  6:19  Overlord  
  85  6:27  Overlord, Drone x3  
  85  6:29  Roach  
  85  6:31  Overlord  
  89  6:41  Overlord  
  89  6:44  Overlord  
  89  6:48  Overlord  
  89  6:51  Hatchery  
  89  6:52  Roach x7  
  89  6:53  Overlord  
  102  6:59  Overlord  
  102  7:01  Overlord  
  100  7:02  Drone x3  
  103  7:10  Spire  
  103  7:12  Roach x2  
  104  7:20  Roach x4  
  108  7:27  Roach x4  
  106  7:37  Drone x3  
  106  7:45  Drone x4  
  110  7:54  Drone x2  
  112  8:04  Drone x4  
  113  8:13  Drone x3  
  113  8:15  Overlord  
  113  8:19  Overlord x2  
  116  8:26  Zerg Flyer Weapons Level 1  
  116  8:38  Mutalisk x8  
  131  8:50  Mutalisk x5  
  141  9:04  Mutalisk x3  
  141  9:09  Overlord  
  147  9:10  Overlord  
  147  9:12  Infestation Pit  
  147  9:15  Overlord  
  142  9:18  Overlord  
  142  9:19  Overseer  
  142  9:21  Extractor  
  141  9:28  Extractor  
  140  9:33  Overlord  
  140  9:37  Drone  
  140  9:38  Spore Crawler  
  145  9:46  Drone x10  
  145  9:51  Roach x2  
  149  9:53  Ravager x8  
  149  9:56  Roach x3  
  162  10:03  Swarm Host  
  162  10:04  Roach x2  
  162  10:07  Spine Crawler  
  168  10:08  Spine Crawler  
  168  10:13  Roach x4  
  172  10:16  Ravager  
  141  10:38  Roach  
  141  10:39  Roach x8  
  142  10:52  Drone x4  
  129  11:12  Drone x3  
  129  11:13  Drone x3  
  135  11:23  Drone x3  
  135  11:24  Hatchery  
  137  11:35  Ravager x2  
  137  11:38  Drone  
  140  11:48  Roach x10  
  140  11:53  Evolution Chamber  
  156  12:15  Corruptor x7  
  170  12:20  Overlord  
  164  12:35  Zerg Missile Weapons Level 1  
  156  13:01  Roach x16  
  156  13:02  Ravager x3  
  191  13:17  Roach x6  
  175  13:27  Roach x4  
  175  13:33  Roach x2  
  111  13:48  Roach x6  
  116  14:01  Swarm Host  
  116  14:02  Roach x4  
  125  14:08  Swarm Host  
  125  14:09  Roach x2  
  96  14:17  Swarm Host  
  96  14:18  Roach  
  90  14:28  Swarm Host  
  90  14:29  Roach  
  82  14:38  Roach x2  
  80  15:11  Hatchery  
  74  15:59  Mutalisk x4  
  82  16:04  Mutalisk x3  
Tags
 
Add a new tag
Caveats
  • Supply blocks, unpowered buildings, or Contaminate may cause inaccurate times.
  • Supply counts are checked every 10 seconds.